 Dungeon Crawl Stone Soup version 0.27-a0-887-gcab673c142 (webtiles) character file.

Game seed: 8146757083807491453

4708 wakim the Protected (level 10, -6/61 HPs)
             Began as a Gargoyle Fighter on Apr 4, 2021.
             Was an Initiate of Ashenzari.
             Engulfed by a steam dragon's steam (7 damage)
             ... on level 10 of the Dungeon.
             The game lasted 00:29:21 (11915 turns).

wakim the Protected (Gargoyle Fighter)             Turns: 11915, Time: 00:29:22

Health: -6/61      AC: 26    Str: 30    XL:     10   Next: 45%
Magic:  10/10      EV:  8    Int:  8    God:    Ashenzari [......]
Gold:   402        SH: 11    Dex:  9    Spells: 9/9 levels left

rFire    . . .     SeeInvis .   a - +0 flail
rCold    + . .     Faith    .   c - +0 kite shield
rNeg     + . .     Spirit   .   e - +3 plate armour
rPois    ∞         Reflect  .   (no helmet)
rElec    +         Harm     .   (no cloak)
rCorr    .         Rampage  .   f - +0 pair of gloves "I Knew You'd Do That" {Fort, Cun} (curse)
Will     .....                  (no boots)
Stlth    ..........             (no amulet)
HPRegen  0.20/turn              h - +6 ring of strength
MPRegen  0.12/turn              o - ring of protection from cold

@: no status effects
A: AC +7, negative energy resistance 1, electricity resistance, torment
resistance 1, unbreathing 1, petrification resistance
a: Renounce Religion, Shatter the Chains


You were on level 10 of the Dungeon.
You worshipped Ashenzari.
Ashenzari was noncommittal.
You visited 2 branches of the dungeon, and saw 11 of its levels.

You collected 402 gold pieces.

Inventory:

Hand Weapons
 a - a +0 flail (weapon)
 b - a +0 hand crossbow
 m - a +0 flail
Missiles
 d - 5 atropa-tipped darts
 g - 8 boomerangs
 i - 14 poisoned darts (quivered)
 j - 54 bolts
 n - 2 throwing nets
Armour
 c - a +0 kite shield (worn)
 e - a +3 plate armour (worn)
 f - the cursed +0 pair of gloves "I Knew You'd Do That" (worn) {Fort, Cun}
   (You found it on level 4 of the Dungeon)

   It has a curse which improves the following skills: Fortitude: Armour and
   Shields.
   Cunning:   Dodging and Stealth.
Jewellery
 h - a +6 ring of strength (left hand)
 o - a ring of protection from cold (right hand)
Wands
 x - a wand of charming (8)
Scrolls
 k - a scroll of enchant armour
 l - a scroll of enchant weapon
 R - 2 scrolls of magic mapping
 T - a scroll of teleportation
 Z - 2 scrolls of silence
Potions
 A - a potion of ambrosia
 C - 3 potions of berserk rage
 D - 3 potions of brilliance
 E - a potion of cancellation
 F - a potion of curing
 G - a potion of flight
 H - a potion of haste
 J - 4 potions of heal wounds
 K - a potion of magic
 N - 5 potions of might


   Skills:
 + Level 6.9 Fighting
 * Level 8.3 Maces & Flails
 + Level 0.6 Crossbows
 * Level 9.4(10.0) Armour
 + Level 4.6(5.1) Dodging
 + Level 7.1(7.6) Shields


You had 9 spell levels left.
You didn't know any spells.
Your spell library contained the following spells:

 Spells                   Type           Power      Damage    Failure   Level
 Corona                   Hex            0%         N/A       100%        1
 Ensorcelled Hibernation  Hex/Ice        0%         N/A       100%        2
 Confusing Touch          Hex            0%         N/A       100%        3
 Dazzling Flash           Conj/Hex       0%         N/A       100%        3
 Gell's Gravitas          Tloc           0%         N/A       100%        3
 Tukima's Dance           Hex            0%         N/A       100%        3
 Petrify                  Tmut/Erth      0%         N/A       100%        4
 Metabolic Englaciation   Hex/Ice        0%         N/A       100%        5
 Yara's Violent Unravell  Hex/Tmut       0%         3d3       100%        5


Dungeon Overview and Level Annotations

Branches:
Dungeon (10/15)            Temple (1/1) D:4            Lair (0/6) D:8
    Orc: D:9-12

Altars:
Ashenzari
Cheibriados
Elyvilon
Fedhas
Gozag
Hepliaklqana
Kikubaaqudgha
Makhleb
Nemelex Xobeh
Okawaru
Qazlal
Ru
Trog
Uskayaw
Vehumet
Wu Jian
Xom
Zin
The Shining One

Shops:
D:4 [   D:9 (

Annotations:
D:7 Maurice
D:9 dig hydra


Innate Abilities, Weirdness & Mutations

Your stone body is resilient. (AC +7)
You are immune to poison.
You resist negative energy. (rN+)
You are resistant to electric shocks. (rElec)
You are resistant to unholy torment.
You can survive without breathing.
You are immune to petrification.


Message History

You block the steam dragon's attack. x2
You barely miss the steam dragon.
The steam dragon is lightly wounded.
The orc wizard casts a spell at itself.
The orc wizard flickers and vanishes!
Deactivating autopickup; reactivate with Ctrl-A.
The steam dragon breathes steam at you.
The ball of steam hits you but does no damage.
You hear an angry hiss.
You closely miss the steam dragon.
The steam dragon is lightly wounded.
You are engulfed in a cloud of scalding steam.
An orc comes into view. It is wielding a +0 whip of flaming.
The steam dragon bites you but does no damage.
You block the steam dragon's attack.
You sock the steam dragon!
The steam dragon is heavily wounded.
You are engulfed in a cloud of scalding steam.
The steam dragon breathes steam at you. The ball of steam hits you!
* * * LOW HITPOINT WARNING * * *
You hit the steam dragon but do no damage.
The steam dragon is heavily wounded.
You are engulfed in a cloud of scalding steam.
You block the steam dragon's attack.
The steam dragon claws you but does no damage.
You hit the steam dragon.
The steam dragon is heavily wounded.
You are engulfed in a cloud of scalding steam.
The steam dragon bites you but does no damage.
You block the steam dragon's attack.
You hit the steam dragon.
The steam dragon is heavily wounded.
You block the steam dragon's attack. x2
The steam dragon breathes steam at you.
The ball of steam hits you but does no damage.
You hit the steam dragon.
The steam dragon is severely wounded.
You are engulfed in a cloud of scalding steam.
You die...

###########≈≈..#
#≈≈.## #≈≈.# #≈≈.#
#≈≈.## ##. #≈≈§.##
#... ###≈≈.§§## #....
≈≈≈≈≈≈...§# ....?
≈≈≈≈≈≈≈.##@## ......
........###D## #......
########..§Zo##.......
#.###o......... #.
##......... ##........
......... .........
.>.#......


You could see a steam dragon (catching breath), 2 orcs and a centaur warrior
zombie.

Vanquished Creatures
  Pikel (D:7)
  A troll (D:10)
  Prince Ribbit (D:8)
  A wraith (D:9)
  An acid dragon (D:8)
  A water moccasin (D:6)
  2 orc warriors
  2 sky beasts
  4 black bears
  2 ogres
  5 bullfrogs
  A kobold brigand (D:9)
  3 scorpions
  A water moccasin zombie (D:5)
  A wyvern zombie (D:8)
  5 killer bees (D:8)
  3 wights (D:8)
  2 electric eels (D:10)
  3 howler monkeys
  2 bullfrog zombies (D:5)
  2 centaur zombies
  3 centaur skeletons
  A hound (D:4)
  6 orc priests
  2 jellies (D:4)
  3 gnoll shamans
  2 bullfrog skeletons
  5 orc wizards
  2 killer bee zombies
  A hound skeleton (D:4)
  A hound zombie (D:5)
  A mummy (D:5)
  2 howler monkey zombies
  2 howler monkey skeletons
  24 gnolls
  9 adders
  A shadow imp (D:6)
  2 white imps
  3 adder zombies (D:5)
  A worm (D:2)
  4 dart slugs
  35 orcs
  6 ball pythons
  11 endoplasms
  2 giant cockroaches
  5 goblins
  6 hobgoblins
  10 jackals
  2 quokkas
  3 bats
  2 frilled lizards (D:1)
  11 kobolds
  3 rats
215 creatures vanquished.

Vanquished Creatures (others)
  7 fungi (D:8)
  4 plants
  5 withered plants (D:5)
16 creatures vanquished.

Grand Total: 231 creatures vanquished

Notes
Turn   | Place    | Note
-------+----------+-------------------------------------------
     0 | D:1      | wakim the Gargoyle Fighter began the quest for the Orb.
     0 | D:1      | Reached XP level 1. HP: 14/14 MP: 1/1
   208 | D:1      | Reached XP level 2. HP: 19/19 MP: 2/2
   526 | D:1      | Reached XP level 3. HP: 23/23 MP: 3/3
   910 | D:2      | Reached skill level 4 in Armour
  1065 | D:2      | Found a broken altar of Ashenzari.
  1187 | D:2      | Reached XP level 4. HP: 28/28 MP: 4/4
  1235 | D:2      | Reached skill level 1 in Dodging
  2047 | D:3      | Reached XP level 5. HP: 33/33 MP: 5/5
  2257 | D:3      | Found a faded altar of an unknown god.
  3222 | D:4      | Found a blossoming altar of Fedhas.
  3247 | D:4      | Reached XP level 6. HP: 36/38 MP: 6/6
  3268 | D:3      | Became a worshipper of Ashenzari the Shackled
  3363 | D:4      | Found Piobua's Armour Shop.
  3744 | D:4      | Reached skill level 5 in Armour
  3788 | D:4      | Found a staircase to the Ecumenical Temple.
  3927 | D:4      | Reached XP level 7. HP: 43/43 MP: 7/7
  4178 | D:4      | Found an iron altar of Okawaru.
  4356 | Temple   | Entered the Ecumenical Temple
  4613 | D:5      | Entered Level 5 of the Dungeon
  5249 | D:5      | Reached skill level 6 in Armour
  5487 | D:5      | Reached skill level 5 in Maces & Flails
  5502 | D:5      | Reached XP level 8. HP: 33/48 MP: 8/8
  5695 | D:5      | Reached skill level 5 in Shields
  6018 | D:5      | Reached skill level 5 in Fighting
  6081 | D:5      | Found a snail-covered altar of Cheibriados.
  6158 | D:5      | Found a burning altar of Makhleb.
  6706 | D:6      | Reached skill level 7 in Armour
  7460 | D:6      | Reached XP level 9. HP: 53/54 MP: 9/9
  8096 | D:7      | Noticed Pikel
  8180 | D:7      | Killed Pikel
  8181 | D:7      | Reached skill level 8 in Armour
  8319 | D:7      | Found a bloodstained altar of Trog.
  9062 | D:7      | Found a hide-covered altar of Uskayaw.
  9682 | D:8      | Reached XP level 10. HP: 59/61 MP: 10/10
  9753 | D:8      | Noticed Prince Ribbit
  9842 | D:8      | Killed Prince Ribbit
  9843 | D:8      | Reached skill level 9 in Armour
 10071 | D:8      | Found a staircase to the Lair.
 10149 | D:8      | Noticed Maurice
 10897 | D:8      | Found a white marble altar of Elyvilon.
 11087 | D:8      | Reached * piety under Ashenzari
 11129 | D:9      | Found Jysa's Hydra Hut.
 11132 | D:9      | Noticed a seven-headed hydra
 11173 | D:9      | Found a radiant altar of Vehumet.
 11715 | D:10     | Entered Level 10 of the Dungeon
 11911 | D:10     | HP: 1/61 [steam dragon/ball of steam (8)]
 11915 | D:10     | Engulfed by a steam dragon's steam

Illustrated notes

Levels and vault maps discovered:
D:1:      ncdulo_lavacross, layout_rooms, chequers_serial_rivers_room_b,
          chequers_arboretum
D:2:      layout_loops_corners, basic_altar
D:3:      wad_pebble_path, layout_basic, basic_ecumenical_altar
D:4:      layout_basic, kennysheep_okawaru_gauntlet, amcnicky_altar_gilded,
          minmay_temple_entry_statues_fountains, serial_shops, shop,
          minivault_14
D:5:      layout_cave_pools, lemuel_doored_altar, slow_altar_1, serial_undead,
          serial_undead_e, serial_undead_f, serial_undead_e, serial_undead_f,
          serial_undead_c
D:6:      layout_gridville
D:7:      layout_basic, trog_ov_bears_minmay, lemuel_round_altar, uniq_pikel
D:8:      layout_rooms, elyvilon_altar_1, dpeg_oklobed_lair, uniq_maurice,
          uniq_prince_ribbit1
D:9:      layout_basic, lemuel_crystal_altar, doesnt_shop_hydraphobe
D:10:     layout_cave_pods, kennysheep_orc_sif_temple,
          nicolae_yredelemnul_ghost_church, marbit_many_paths, erik_orc_2
Temple:   minmay_temple_curvy_loop

Skill      XL: |  1  2  3  4  5  6  7  8  9 10 |
---------------+-------------------------------+-----
Armour         | 4 5 6 7 8 9 |  9.4
Dodging        | 1 2 3 4 |  4.6
Maces & Flails | 3 4 5 6 7 8 |  8.3
Shields        | 4 5 6 7 |  7.1
Fighting       | 4 5 6 |  6.9
Crossbows      | |  0.6

Action                   |  1- 3 |  4- 6 |  7- 9 | 10-12 || total
-------------------------+-------+-------+-------+-------++-------
Melee: Flail             |    85 |   199 |   597 |   221 ||  1102
 Fire: Hand crossbow     |       |       |       |     7 ||     7
Throw: Dart              |    13 |    43 |    13 |    26 ||    95
       Boomerang         |     4 |    28 |    10 |     1 ||    43
       Throwing net      |       |       |       |     1 ||     1
Invok: Curse Item        |       |       |     2 |     1 ||     3
       Shatter the Chain |       |       |     1 |     1 ||     2
  Use: Scroll            |     2 |     3 |       |       ||     5
       Potion            |       |       |       |     1 ||     1
 Stab: Invisible         |       |       |     1 |       ||     1
Armor: Scale mail        |    60 |       |       |       ||    60
       Chain mail        |     2 |   125 |       |       ||   127
       Plate armour      |       |    16 |   562 |   154 ||   732
Dodge: Dodged            |    18 |    54 |   197 |    65 ||   334
Block: Kite shield       |    55 |   110 |   454 |   165 ||   784

Table legend: (Time is in decaauts)
 A = Elapsed time spent in this place.
 B = Non-inter-level travel time spent in this place.
 C = Inter-level travel time spent in this place.
 D = Time resting spent in this place.
 E = Time spent auto-exploring this place.
 F = Levels seen in this place.
 G = Mean time per level.
                   A        B        C        D        E       F      G
               +--------+--------+--------+--------+--------+-----+--------+
         Total |  12335 |  11930 |    405 |    548 |   8395 |  11 | 1121.4 |
       Dungeon |  12099 |  11717 |    382 |    548 |   8187 |  10 | 1209.9 |
        Temple |    235 |    212 |     23 |      0 |    208 |   1 |  235.0 |
               +--------+--------+--------+--------+--------+-----+--------+

Top non-repeatable levels by time:
     D:4: 2051 daAuts
     D:7: 1825 daAuts
     D:5: 1529 daAuts
     D:2: 1401 daAuts
     D:8: 1273 daAuts
     D:6: 1147 daAuts
     D:3: 1128 daAuts
     D:1: 905 daAuts
     D:9: 632 daAuts
  Temple: 235 daAuts
    D:10: 206 daAuts
